 Dungeon Crawl Stone Soup version 0.25.1-2-g60ff931df9 (webtiles) character file.

Game seed: 9825380561103152324

3399 raphaelitos the Thaumaturge (level 9, -2/49 HPs)
             Began as a Deep Elf Conjurer on Nov 18, 2020.
             Was a Priest of Sif Muna.
             Slain by a vampire (3 damage)
             ... on level 9 of the Dungeon.
             The game lasted 00:32:53 (10747 turns).

raphaelitos the Thaumaturge (Deep Elf Conjurer)    Turns: 10747, Time: 00:32:54

Health: -2/49      AC:  4    Str:  5      XL:     9   Next: 75%
Magic:  23/25      EV: 15    Int: 20 (23) God:    Sif Muna [***...]
Gold:   496        SH:  0    Dex: 16      Spells: 14/28 levels left

rFire    + . .     SeeInvis .   q - +2 spear (venom)
rCold    + . .     Gourm    .   (no shield)
rNeg     . . .     Faith    +   a - +0 robe
rPois    .         Spirit   .   u - +0 helmet
rElec    .         Reflect  .   d - scarf {rC+ rF+}
rCorr    .         Harm     .   (no gloves)
MR       .....                  b - +0 pair of boots
Stlth    +++.......             n - amulet of faith
HPRegen  0.16/turn              t - ring of flight
MPRegen  0.19/turn              (no ring)

@: hasted, very quick
A: no striking features
a: Channel Magic, Forget Spell, Renounce Religion, Evoke Flight


You were on level 9 of the Dungeon.
You worshipped Sif Muna.
Sif Muna was most pleased with you.
You were not hungry.

You visited 1 branch of the dungeon, and saw 9 of its levels.
You also visited: Sewer.

You collected 496 gold pieces.

Inventory:

Hand Weapons
 q - a +2 spear of venom (weapon)
 K - a +2 mace of freezing
Missiles
 f - 19 poisoned darts (quivered)
 g - 4 boomerangs
 h - 86 bolts
 o - 90 arrows
 v - 60 sling bullets
Armour
 a - a +0 robe (worn)
 b - a +0 pair of boots (worn)
 d - a scarf of resistance (worn)
 u - a +0 helmet (worn)
Jewellery
 n - an amulet of faith (around neck)
 s - an uncursed amulet of the acrobat
 t - a ring of flight (left hand)
Wands
 z - a wand of paralysis (3)
 I - a wand of disintegration (21)
 J - a wand of polymorph (9)
Scrolls
 j - a scroll of amnesia
 l - a scroll of blinking
 m - 6 scrolls of remove curse
 w - a scroll of identify
 E - a scroll of fog
 L - a scroll of brand weapon {unknown}
Potions
 e - 2 potions of cancellation
 k - a potion of resistance
 p - a potion of invisibility
 x - 2 potions of lignification
 A - 4 potions of stabbing
 B - a potion of mutation {unknown}
 C - 4 potions of ambrosia
 D - a potion of berserk rage {unknown}
 F - 2 potions of brilliance {unknown}
 G - a potion of curing {unknown}
Comestibles
 c - 10 rations
 i - a chunk of flesh


   Skills:
 + Level 2.7 Fighting
   Level 1.9 Short Blades
 + Level 3.0 Polearms
 + Level 4.7 Dodging
 + Level 6.4 Stealth
 + Level 10.0 Spellcasting
 + Level 9.7 Conjurations
 + Level 2.4 Hexes
 + Level 1.4 Translocations


You had 14 spell levels left.
You knew the following spells:

 Your Spells              Type           Power        Failure   Level  Hunger
a - Magic Dart            Conj           ####         1%          1    None
b - Searing Ray           Conj           #####.       1%          2    None
c - Dazzling Flash        Conj/Hex       ####..       1%          3    None
d - Fulminant Prism       Conj/Hex       ####......   5%          4    ##.....
e - Iskenderun's Mystic   Conj/Tloc      ####....     7%          4    ##.....

Your spell library contained the following spells:

 Spells                   Type           Power        Failure   Level  Hunger


Dungeon Overview and Level Annotations

Branches:
Dungeon (9/15)             Temple (0/1) D:5           Sewer (visited)
   Lair: D:8-11         Orc: D:9-12

Altars:
Ashenzari
Dithmenos
Fedhas
Hepliaklqana
Kikubaaqudgha
Makhleb
Nemelex Xobeh
Okawaru
Qazlal
Ru
Sif Muna
Trog
Wu Jian
Xom
The Shining One

Shops:
D:6 (

Annotations:
D:8 1 runed translucent door, exclusion: 3 orange crystal statues


Message History

Casting: Searing Ray (safe; 1% risk of failure)
Confirm with . or Enter, or press ? or * to list all spells.
Aiming: Searing Ray (safe; 1% risk of failure)
Press: ? - help, Shift-Dir - straight line, f - vampire
Aim: a vampire (lightly damaged)
The searing ray hits the vampire!
The vampire is heavily damaged. (Press . to maintain the ray.)
The vampire misses you. The vampire bites you!
* * * LOW HITPOINT WARNING * * *
The vampire draws strength from your injuries!
Okay, then.
Okay, then.
Press: ? - help, v - describe, . - travel
Here: a vampire (moderately damaged)
The floor.
Unknown command.
Okay, then.
It was a potion of haste.
You feel yourself speed up. The vampire hits you.
You die...

..# ..# . #.#
.## # ##.# ...
###.##..###
#.#
#....<..#.....
#.#.#.#รท#.#.#
# #.#.#V.# #.#
#.#.#@#..Kg.
#.#....#
#.#.#.#.....
#.#.#..#.#.#
#.#.#.#.#.#
#.#.......
#.### #.###
#.. ... #. ..


You could see a vampire.

Vanquished Creatures
  An orange crystal statue (D:8)
  A hippogriff (D:7)
  An orc warrior (D:5)
  An ice beast (D:7)
  A sky beast (D:8)
  2 black bears (D:6)
  3 ogres
  A phantom (D:8)
  A crocodile (Sewer)
  5 bullfrogs
  A wyvern zombie (D:8)
  6 killer bees (D:7)
  5 wights (D:8)
  A jelly (D:5)
  3 crimson imps (D:5)
  4 hounds
  A gnoll shaman (D:5)
  5 orc priests
  4 orc wizards
  2 bullfrog skeletons
  2 centaur skeletons (D:4)
  Ijyb (D:4)
  2 worker ants (D:5)
  An iguana (D:4)
  A killer bee zombie (D:8)
  10 adders
  4 gnolls
  A river rat (D:4)
  An ooze (D:1)
  2 adder skeletons
  2 worms (D:5)
  A dart slug (D:2)
  6 leopard geckos
  26 orcs
  8 bats
  6 giant cockroaches
  6 goblins
  7 hobgoblins
  2 jackals (D:3)
  8 kobolds
  2 quokkas
  2 ball pythons
  8 frilled lizards
  A leopard gecko skeleton (D:5)
  A quokka zombie (D:6)
  15 rats
  2 fulminant prisms (D:8)
177 creatures vanquished.

Vanquished Creatures (others)
  17 fulminant prisms
17 creatures vanquished.

Grand Total: 194 creatures vanquished

Notes
Turn   | Place    | Note
-------+----------+-------------------------------------------
     0 | D:1      | raphaelitos the Deep Elf Conjurer began the quest for the
                  | Orb.
     0 | D:1      | Reached XP level 1. HP: 10/10 MP: 6/6
   179 | D:1      | Reached XP level 2. HP: 15/15 MP: 1/8
   290 | D:1      | Reached skill level 5 in Conjurations
   450 | D:1      | Learned a level 2 spell: Searing Ray
   621 | D:1      | You fall into a shaft and drop 1 floor!
   809 | D:2      | Reached XP level 3. HP: 20/20 MP: 5/9
   906 | D:2      | Found an ancient bone altar of Kikubaaqudgha.
  1738 | D:2      | Learned a level 3 spell: Dazzling Flash
  1796 | D:2      | Reached XP level 4. HP: 24/24 MP: 6/11
  1856 | D:2      | Found an ornate altar of the Wu Jian Council.
  2114 | D:2      | Found a shimmering blue altar of Sif Muna.
  2117 | D:2      | Became a worshipper of Sif Muna the Loreminder
  2813 | D:3      | Reached skill level 1 in Short Blades
  3450 | D:3      | Reached XP level 5. HP: 25/28 MP: 12/12
  3622 | D:3      | Reached * piety under Sif Muna
  3637 | D:3      | Reached skill level 4 in Spellcasting
  4189 | D:3      | Learned a level 4 spell: Fulminant Prism
  4291 | D:4      | Found a sacrificial altar of Ru.
  4324 | D:4      | Noticed an ogre
  4344 | D:4      | Killed an ogre
  4344 | D:4      | Reached skill level 1 in Fighting
  4344 | D:4      | Reached XP level 6. HP: 34/34 MP: 9/14
  4430 | D:4      | Found a sparkling altar of Nemelex Xobeh.
  4640 | D:4      | Noticed Ijyb
  4648 | D:4      | Killed Ijyb
  4648 | D:4      | Reached skill level 1 in Polearms
  4795 | D:4      | Reached XP level 7. HP: 38/38 MP: 10/16
  4850 | D:4      | Reached skill level 5 in Stealth
  4975 | D:4      | Found a glowing drain.
  5023 | Sewer    | Entered a sewer
  5024 | Sewer    | Reached ** piety under Sif Muna
  5130 | Sewer    | Reached skill level 5 in Spellcasting
  5426 | D:5      | Entered Level 5 of the Dungeon
  5715 | D:5      | Found a shattered altar of Ashenzari.
  5917 | D:5      | Learned a level 4 spell: Iskenderun's Mystic Blast
  6395 | D:5      | Reached XP level 8. HP: 43/43 MP: 6/18
  6614 | D:5      | Reached skill level 6 in Spellcasting
  6730 | D:5      | Found a staircase to the Ecumenical Temple.
  7113 | D:5      | Found a stormy altar of Qazlal.
  7690 | D:6      | Found a bloodstained altar of Trog.
  7721 | D:6      | Found a glowing golden altar of the Shining One.
  7774 | D:6      | Found Qoucocon's Antique Weapon Shoppe.
  8186 | D:7      | Reached skill level 1 in Hexes
  8242 | D:7      | Reached skill level 7 in Spellcasting
  8317 | D:7      | Reached skill level 1 in Translocations
  8579 | D:7      | Noticed a hippogriff
  8585 | D:7      | Killed a hippogriff
  8585 | D:7      | Reached XP level 9. HP: 48/48 MP: 14/22
  8787 | D:7      | Reached skill level 8 in Spellcasting
  9382 | D:8      | Found an iron altar of Okawaru.
  9409 | D:8      | Found a runed translucent door.
  9409 | D:8      | Noticed an orange crystal statue
  9410 | D:8      | Found the +10 tower shield of Ignorance {rN+ Int-4}
  9431 | D:8      | Found a runed translucent door.
  9596 | D:8      | Found a sacrificial altar of Ru.
  9631 | D:8      | Reached *** piety under Sif Muna
  9634 | D:8      | Reached skill level 9 in Spellcasting
  9636 | D:8      | Found a burning altar of Makhleb.
  9947 | D:8      | Found a shadowy altar of Dithmenos.
  9977 | D:8      | Noticed an Executioner
  9982 | D:8      | Noticed an orange demon
 10111 | D:8      | Found a shimmering altar of Xom.
 10111 | D:8      | Found a hazy altar of Hepliaklqana.
 10111 | D:8      | Found a blossoming altar of Fedhas.
 10379 | D:8      | Killed an orange crystal statue
 10379 | D:8      | Reached skill level 10 in Spellcasting
 10556 | D:8      | Noticed an orange crystal statue
 10556 | D:8      | Noticed an orange crystal statue
 10556 | D:8      | Noticed an orange crystal statue
 10746 | D:9      | HP: 1/49 [vampire (12)]
 10747 | D:9      | Slain by a vampire

Illustrated notes

Levels and vault maps discovered:
D:1:      shiori_arrival_elements, layout_loops_ring, chequers_arboretum
D:2:      kennysheep_six_static_rooms, layout_basic, lemuel_blue_sif_altar,
          marbit_many_paths, lemuel_coloured_pillars_altar, first_ration,
          st_stairs_9, minmay_diced_spiral
D:3:      lemuel_upstairs_altar, layout_basic
D:4:      layout_loops_ring, lemuel_round_altar, portal_sewer_entry_c,
          hangedman_feature_mirror, corexii_hall_statues_l,
          nicolae_ru_awakened_eye, uniq_ijyb
D:5:      layout_basic, nicolae_overflow_crystal_walls,
          nicolae_qazlal_eye_of_the_storm, minmay_temple_entry_sparse_star,
          minmay_crystal_room
D:6:      layout_rooms, old_standard_altar, trog_ov_bears_minmay, serial_shops,
          nicolae_shop_temple_entry_statues_fountains
D:7:      layout_loops_cross
D:8:      layout_cave_pools, okawaru_gym_becter, makhleb_altar_promises_db,
          grunt_dithmenos_smoke, gammafunk_temple_overflow_claw,
          kennysheep_mini, chequers_guarded_unrand_ignorance
D:9:      minmay_the_grid_4x2 [minmay_the_grid_minigrid_small,
          minmay_the_grid_garden, minmay_the_grid_empty,
          minmay_the_grid_tiny_cups, minmay_the_grid_small_cups,
          minmay_the_grid_gridbox, minmay_the_grid_expand,
          minmay_the_grid_prize_four_corners_diamond_b], layout_rooms,
          nicolae_overflow_hidden_temple, uniq_maggie

Skill      XL: |  1  2  3  4  5  6  7  8  9 |
---------------+----------------------------+-----
Conjurations   | 5 6 7 8 9 |  9.7
Stealth        | 3 4 5 6 |  6.4
Short Blades   | 1 |  1.9
Spellcasting   | 4 5 7 10 | 10.0
Fighting       | 1 2 |  2.7
Dodging        | 3 4 |  4.7
Polearms       | 1 2 3 |  3.0
Hexes          | 1 2 |  2.4
Translocations | 1 |  1.4

Action                   |  1- 3 |  4- 6 |  7- 9 || total
-------------------------+-------+-------+-------++-------
Melee: Short sword       |     8 |     6 |       ||    14
       Dagger            |     3 |       |       ||     3
       Spear             |       |    28 |    78 ||   106
 Cast: Magic Dart        |    30 |    28 |   109 ||   167
       Searing Ray       |    10 |    16 |    43 ||    69
       Iskenderun's Myst |       |       |     4 ||     4
       Fulminant Prism   |       |       |    19 ||    19
       Dazzling Flash    |       |       |     6 ||     6
  Use: Scroll            |       |     8 |    10 ||    18
       Potion            |       |     1 |     5 ||     6
 Stab: Sleeping          |     3 |     6 |     3 ||    12
  Eat: Chunk             |     2 |    10 |    17 ||    29
       Ration            |       |       |     1 ||     1
Armor: Robe              |     3 |     6 |    16 ||    25
Dodge: Dodged            |     7 |    30 |    91 ||   128
